 Dungeon Crawl Stone Soup version 0.18-a0-987-g0b0e4e7 (webtiles) character file.

109 tof the Insei (level 4, -4/35 HPs)
             Began as a Demonspawn Monk on Jan 3, 2016.
             Was a Follower of Ru.
             Slain by an orc
             ... wielding a +0 short sword
              (5 damage)
             ... on level 3 of the Dungeon.
             The game lasted 00:07:36 (2563 turns).

tof the Insei (Demonspawn Monk)                     Turns: 2563, Time: 00:07:37

Health: -4/35      AC:  2    Str: 12    XL:     4   Next: 60%
Magic:  4/4        EV: 14    Int: 11    God:    Ru [*.....]
Gold:   103        SH:  0    Dex: 18    Spells: 0 memorised, 3 levels left

rFire  . . .     SeeInvis .     m - +1 dagger (speed)
rCold  . . .     Gourm    .     a - +0 robe
rNeg   . . .     Faith    .     (no shield)
rPois  .         Spirit   .     (no helmet)
rElec  .         Dismiss  .     (no cloak)
rCorr  .         Reflect  .     (no gloves)
SustAt +         Harm     .     (no boots)
MR     .....                    (no amulet)
Stlth  +++.......               (no ring)
                                l - ring of sustain attributes

@: not resistant to hostile enchantments, fairly stealthy
A: thin skeletal structure 1, magic vulnerability 1
a: Renounce Religion


You were on level 3 of the Dungeon.
You worshipped Ru.
Ru was aware of your devotion.
You were not hungry.

You visited 1 branch of the dungeon, and saw 3 of its levels.

You collected 103 gold pieces.

Inventory:

Hand Weapons
 g - a +2 vampiric dagger
 m - a +1 dagger of speed (weapon)
Missiles
 c - 8 needles of sleeping
 j - 17 bolts
 k - 10 arrows
 o - 12 arrows of flame
Armour
 a - a +0 robe (worn)
Jewellery
 l - a ring of sustain attributes (left hand)
Scrolls
 d - 3 scrolls of teleportation {unknown}
 e - 2 scrolls of identify {unknown}
 f - a scroll of magic mapping {unknown}
 n - a scroll of random uselessness {unknown}
 q - a scroll of remove curse {unknown}
Potions
 i - a potion of heal wounds {unknown}
Comestibles
 b - 3 bread rations
 h - a meat ration
 p - 5 chunks of flesh
 r - a beef jerky


   Skills:
 + Level 3.4 Fighting
 * Level 1.5 Short Blades
 * Level 3.4 Dodging
 * Level 3.1 Stealth
 - Level 3.6 Unarmed Combat


You had 3 spell levels left.
You didn't know any spells.

Dungeon Overview and Level Annotations

Branches:
Dungeon (3/15)

Altars:
Ashenzari
Dithmenos
Ru
Trog
Vehumet
Xom
Zin


Innate Abilities, Weirdness & Mutations

You have a somewhat thin skeletal structure (Dex +2, Stealth).
You are slightly vulnerable to magic.


Message History

You see here a stone.
You feel sick.
There is an open door here.
You feel sick.
You are no longer poisoned.
There is a shattered altar of Ashenzari here.
Things that are here:
2 stones; a kobold corpse
There is an open door here.
Some of the chunks of flesh in your inventory have rotted away.
You see here 3 tomahawks.
An orc comes into view. It is wielding a short sword.
The orc shouts!
The orc misses you. The orc hits you with a short sword.
* * * LOW HITPOINT WARNING * * *
The orc hits you with a short sword.
* * * LOW HITPOINT WARNING * * *
The orc hits you with a short sword.
You die...

........# #......# ........#
#......# ........# #......#
........# #......# ###.#####
#......# ....# #......# #####
#......######
..############......[...#
............K.Ko@.......+
....########............#
....##########..........#########
....'........'...<...............
....##########.............######
....# #.########....# ....# #.#
#....# ....# #.# #....# ....# #.#
#....#


You could see an orc and 2 kobolds.

Vanquished Creatures
  An orc priest (D:2)
  4 adders
  An ooze (D:2)
  2 worms
  2 orcs
  A bat (D:2)
  A giant cockroach (D:2)
  2 goblins
  3 hobgoblins
  2 jackals (D:2)
  7 kobolds
  2 quokkas
  A giant newt (D:2)
  6 rats
  A bush (D:2)
36 creatures vanquished.

Vanquished Creatures (others)
  A kobold (D:3)
1 creature vanquished.

Grand Total: 37 creatures vanquished

Notes
Turn   | Place    | Note
--------------------------------------------------------------
     0 | D:1      | tof the Demonspawn Monk began the quest for the Orb.
     0 | D:1      | Reached XP level 1. HP: 18/18 MP: 1/1
   199 | D:1      | Gained mutation: You have a somewhat thin skeletal structure (Dex +2, Stealth). [demonic ancestry]
   199 | D:1      | Reached XP level 2. HP: 22/24 MP: 2/2
   734 | D:2      | Found a glowing silver altar of Zin.
   736 | D:2      | Found a sacrificial altar of Ru.
   828 | D:2      | Became a worshipper of Ru the Awakened
   832 | D:2      | Gained mutation: You are slightly vulnerable to magic. [Ru sacrifice]
   832 | D:2      | Reached * piety under Ru
   897 | D:2      | Reached skill level 1 in Short Blades
   898 | D:2      | Reached XP level 3. HP: 14/29 MP: 3/3
  1160 | D:2      | Found a shimmering altar of Xom.
  1325 | D:2      | Found a radiant altar of Vehumet.
  1328 | D:2      | Found a shadowy altar of Dithmenos.
  1331 | D:2      | Found a bloodstained altar of Trog.
  1969 | D:2      | Reached XP level 4. HP: 28/35 MP: 4/4
  2400 | D:3      | Found a shattered altar of Ashenzari.
  2562 | D:3      | HP: 1/35 [orc/short sword (3)]
  2563 | D:3      | Slain by an orc

Vault maps used:
D:1:      scummos_arrival_simple_crosswalls
D:2:      xom_teletrap_fun, minitemple, grunt_temple_overflow_diamond,
          serial_forest, infiniplex_forest_end_3,
          infiniplex_forest_clump_diagonal, infiniplex_forest_lined_corner,
          infiniplex_forest_straight_4, infiniplex_forest_lined_2,
          infiniplex_forest_fountain, infiniplex_forest_clump_curved,
          first_bread, dk_noncrumbling_3, minmay_fountain_box
D:3:      lemuel_doored_altar

Action                   |  1- 3 |  4- 6 || total
-------------------------+-------+-------++-------
Melee: Short sword       |    25 |       ||    25
       Dagger            |   503 |    58 ||   561
Invok: Sacrifice Essence |     1 |       ||     1
 Stab: Sleeping          |     3 |     2 ||     5
  Eat: Bread ration      |     1 |       ||     1
       Beef jerky        |     1 |       ||     1
       Chunk             |     1 |       ||     1
